 Dungeon Crawl Stone Soup version 0.31-a0-237-g2d982f9f85 (webtiles) character file.

Game seed: 13811690859001581615

10201 reriks the Ogre Mage (level 11, -10/88 HPs)
             Began as an Ogre Hedge Wizard on July 11, 2023.
             Was a Believer of Vehumet.
             Mangled by a komodo dragon (29 damage)
             ... on level 10 of the Dungeon.
             The game lasted 01:08:37 (31235 turns).

reriks the Ogre Mage (Ogre Hedge Wizard)           Turns: 31235, Time: 01:08:37

Health: -10/88     AC:  7    Str: 16    XL:     11   Next: 58%
Magic:  18/25      EV: 11    Int: 19    God:    Vehumet [**....]
Gold:   514        SH:  0    Dex:  8    Spells: 3/31 levels left

rFire   . . .        h - staff of conjuration
rCold   . . .        (no shield)
rNeg    . . .        s - +2 robe {Will+}
rPois   .            e - +1 hat
rElec   .            F - +0 cloak
rCorr   .            (gloves unavailable)
SInv    .            (boots unavailable)
Will    ++...        q - amulet of faith
Stlth   +            r - +4 ring of slaying
HPRegen 0.34/turn    y - ring of wizardry
MPRegen 0.19/turn

%: faith, wizardry (x1)
@: studying Staves
A: large, unfitting armour, tough skin 1
a: Renounce Religion


You were on level 10 of the Dungeon.
You worshipped Vehumet.
Vehumet was pleased with you.
You visited 3 branches of the dungeon, and saw 13 of its levels.
You also visited: Sewer.

You collected 514 gold pieces.

Inventory:

Hand Weapons
 a - a +1 dagger
 n - a +0 morningstar of freezing
 x - a +0 war axe of flaming
 D - a +4 war axe
 G - a +1 whip of freezing
 K - the +9 hand axe of Buizoc {venom, rF- rCorr Str+5 Stlth-}
   (You took it off a wight on level 8 of the Dungeon)

   Str:       It affects your strength (+5).
   rF:        It makes you vulnerable to fire.
   rCorr:     It protects you from acid and corrosion.
   Stlth:     It makes you less stealthy.
Missiles
 f - 3 curare-tipped darts
 o - 46 poisoned darts
Armour
 b - a +0 robe
 c - a +0 hat
 e - a +1 hat (worn)
 s - a +2 robe of willpower (worn)
 F - a +0 cloak (worn)
Magical Staves
 h - a staff of conjuration (weapon)
Jewellery
 q - an amulet of faith (around neck)
 r - a +4 ring of slaying (left hand)
 y - a ring of wizardry (right hand)
 E - a ring of fire
Wands
 z - a wand of iceblast (8)
 A - a wand of paralysis (12)
Scrolls
 d - 4 scrolls of enchant armour
 i - 2 scrolls of enchant weapon
 k - 2 scrolls of teleportation
 t - a scroll of revelation
 w - 2 scrolls of amnesia
 I - a scroll of silence
 L - a scroll of fog
 N - a scroll of identify
Potions
 g - 3 potions of brilliance {unknown}
 j - 3 potions of might
 l - 2 potions of berserk rage
 m - a potion of curing
 p - a potion of attraction {unknown}
 u - 2 potions of invisibility {unknown}
 v - a potion of cancellation {unknown}
 B - a potion of lignification {unknown}
 C - 3 potions of mutation {unknown}
 H - 2 potions of enlightenment {unknown}
 J - 3 potions of degeneration {unknown}


   Skills:
 + Level 5.0 Staves
 + Level 7.2 Dodging
 - Level 1.6 Stealth
 * Level 10.6 Spellcasting
 * Level 8.3 Conjurations
 - Level 1.1 Summonings
 - Level 1.1 Translocations
 * Level 6.5 Air Magic
 - Level 4.9 Poison Magic


You had 3 spell levels left.
You knew the following spells:

 Your Spells              Type           Power      Damage    Failure   Level
a - Magic Dart            Conj           100%       1d8       1%          1
b - Blink                 Tloc           28%        N/A       2%          2
c - Mephitic Cloud        Conj/Pois/Air  52%        N/A       1%          3
d - Poisonous Vapours     Pois/Air       64%        N/A       1%          2
e - Cigotuvi's Dreadful   Necr/Pois/Air  48%        N/A       1%          2
f - Passwall              Tmut/Erth      8%         N/A       4%          2
g - Tukima's Dance        Hex            10%        N/A       9%          3
h - Volatile Blastmotes   Fire/Tloc      24%        2d12      6%          3
i - Iskenderun's Mystic   Conj/Tloc      42%        2d10      4%          4
j - Arcjolt               Conj/Air       27%        1d37      3%          5
k - Slow                  Hex            40%        N/A       2%          1

Your spell library contained the following spells:

 Spells                   Type           Power      Damage    Failure   Level
 Scorch                   Fire           20%        2d6       4%          2
 Dazzling Flash           Conj/Hex       78%        N/A       1%          3
 Swiftness                Air            35%        N/A       1%          3
 Vhi's Electric Charge    Tloc/Air       48%        N/A       1%          3
 Call Imp                 Summ           28%        N/A       2%          2
 Ensorcelled Hibernation  Hex/Ice        20%        N/A       4%          2
 Sublimation of Blood     Necr           10%        N/A       4%          2
 Wereblood                Tmut           10%        N/A       4%          2
 Call Canine Familiar     Summ           14%        N/A       5%          3
 Portal Projectile        Hex/Tloc       24%        N/A       6%          3
 Ozocubu's Armour         Ice            10%        N/A       9%          3
 Freezing Cloud           Conj/Ice/Air   21%        6-21      11%         5
 Passage of Golubria      Tloc           14%        N/A       16%         4
 Leda's Liquefaction      Hex/Erth       5%         N/A       26%         4
 Starburst                Conj/Fire      19%        6d7       56%         6
 Metabolic Englaciation   Hex/Ice        5%         N/A       58%         5
 Yara's Violent Unravell  Hex/Tmut       5%         3d4       58%         5
 Plasma Beam              Fire/Air       11%        2x1d22    69%         6
 Simulacrum               Ice/Necr       5%         N/A       98%         6
 Summon Hydra             Summ           7%         N/A       100%        7


Dungeon Overview and Level Annotations

Branches:
Dungeon (10/15)            Temple (1/1) D:6            Lair (2/5) D:8
  Sewer (visited)
  Swamp: Lair:2-3    Shoals: Lair:2-3     Snake: Lair:2-3    Spider: Lair:2-3
    Orc: D:9-12

Altars:
Ashenzari
Cheibriados
Dithmenos
Elyvilon
Fedhas
Gozag
Hepliaklqana
Makhleb
Nemelex Xobeh
Okawaru
Qazlal
Ru
Sif Muna
Uskayaw
Vehumet
Wu Jian
Xom
Yredelemnul
Zin

Shops:
D:1 *   D:9 [

Portals:
Abyss: D:3

Annotations:
D:3 2 transporters, garrulousMonolith's ghost, amateur GnFE
D:5 Eustachio
D:8 1 runed translucent door, ForestMusic's ghost, novice MiBe
D:9 3 runed translucent doors, exclusion: obsidian statue, Shard1697's ghost, journeyman AtFi
D:10 3 runed translucent doors, coffeetime's ghost, journeyman GrMo


Innate Abilities, Weirdness & Mutations

You are too large for most types of armour.
You have tough skin. (AC +1)


Message History

The komodo dragon is poisoned.
Unknown command.
Casting: Poisonous Vapours (safe; 1% risk of failure)
Confirm with . or Enter, or press ? or * to list all spells.
A cloud of volatile blastmotes flares up around you!
The cloud of blastmotes explodes!
The concussive blast engulfs the komodo dragon!
The komodo dragon is heavily wounded.
Casting: Volatile Blastmotes (dangerous; 6% risk of failure)
Confirm with . or Enter, or press ? or * to list all spells.
Aiming: Poisonous Vapours (safe; 1% risk of failure)
Press: ? - help, Dir - move target, f/p - komodo dragon
Aim: a komodo dragon (heavily wounded, poisoned) Poisonous vapours surround the komodo dragon!
The komodo dragon looks even sicker.
Casting: Poisonous Vapours (safe; 1% risk of failure)
Confirm with . or Enter, or press ? or * to list all spells.
Aiming: Poisonous Vapours (safe; 1% risk of failure)
Press: ? - help, Dir - move target, f/p - komodo dragon
Aim: a komodo dragon (severely wounded, very poisoned) Poisonous vapours surround the komodo dragon!
The komodo dragon looks as sick as possible!
The komodo dragon attacks as you move away!
The komodo dragon bites you!!
You hit the komodo dragon but do no damage.
The komodo dragon is almost dead.
The komodo dragon bites you!!
You closely miss the komodo dragon.
The komodo dragon is almost dead.
The komodo dragon bites you!!
* * * LOW HITPOINT WARNING * * *
Casting: Poisonous Vapours (safe; 1% risk of failure)
Confirm with . or Enter, or press ? or * to list all spells.
Aiming: Poisonous Vapours (safe; 1% risk of failure)
Press: ? - help, Dir - move target, f/p - komodo dragon
Aim: a komodo dragon (almost dead, very poisoned) Poisonous vapours surround the komodo dragon!
The komodo dragon looks as sick as possible!
The komodo dragon bites you!!
You die...

#..# #..#
################..#
..................#
..................#
..................#
.........)........#
.....>..........l.#
................@.#
...........(......#
..................#
..................#
#################.#
# #.# # #.# # #.# #
#.#


You could see a komodo dragon (extremely poisoned).

Vanquished Creatures
  2 two-headed ogres (D:10)
  Pikel (D:7)
  A cane toad (Lair:2)
  Maggie (D:8)
  A kobold demonologist (D:10)
  2 trolls
  Prince Ribbit (D:5)
  A hornet (D:9)
  A wyvern (D:8)
  Sigmund (D:4)
  A wraith (D:9)
  12 yaks
  A basilisk (D:8)
  4 steam dragons
  Edmund (D:4)
  Duvessa (D:7)
  A water moccasin (D:7)
  3 sky beasts
  4 orc warriors
  2 wolves (Lair:1)
  2 centaurs
  A phantom (D:7)
  10 kobold brigands
  Blork the orc (D:4)
  5 bullfrogs
  3 scorpions (D:5)
  11 wights
  Dowan (D:7)
  A howler monkey (D:5)
  4 jellies
  3 hounds
  Crazy Yiuf (D:7)
  5 orc priests
  3 iguanas
  3 orc wizards
  A mummy (D:4)
  10 gnolls
  A river rat (Sewer)
  9 adders
  5 shadow imps
  An ufetubus (D:4)
  4 worms
  3 dart slugs
  37 orcs
  7 ball pythons
  7 bats
  14 endoplasms
  2 giant cockroaches
  4 goblins
  3 hobgoblins
  6 jackals (D:1)
  23 kobolds
  3 quokkas (D:2)
  2 frilled lizards
  9 rats
247 creatures vanquished.

Vanquished Creatures (others)
  An angel (D:5)
  A dancing weapon (D:6)
2 creatures vanquished.

Grand Total: 249 creatures vanquished

Notes
Turn   | Place    | Note
-------+----------+-------------------------------------------
     0 | D:1      | reriks the Ogre Hedge Wizard began the quest for the Orb.
     0 | D:1      | Reached XP level 1. HP: 16/16 MP: 5/5
    54 | D:1      | Reached skill level 1 in Summonings
   126 | D:1      | Reached skill level 1 in Conjurations
   126 | D:1      | Reached skill level 1 in Translocations
   380 | D:1      | Found a faded altar of an unknown god.
   386 | D:1      | Reached XP level 2. HP: 24/24 MP: 4/6
  1073 | D:1      | Found Owkot's Assorted Antiques.
  1616 | D:2      | Reached XP level 3. HP: 31/31 MP: 4/8
  2208 | D:2      | Learned a level 2 spell: Blink
  2212 | D:2      | Learned a level 3 spell: Mephitic Cloud
  2540 | D:2      | Reached skill level 4 in Spellcasting
  2738 | D:2      | Found a sacrificial altar of Ru.
  3631 | D:2      | Reached XP level 4. HP: 39/39 MP: 3/10
  3952 | D:3      | Noticed a small abomination
  3965 | D:3      | Noticed a small abomination
  4046 | D:3      | Noticed garrulousMonolith's ghost (amateur GnFE)
  5457 | D:3      | Found a transporter.
  5463 | D:3      | Found a one-way gate to the infinite horrors of the Abyss.
  5463 | D:3      | Found a transporter.
  5511 | D:3      | Reached skill level 1 in Poison Magic
  5511 | D:3      | Reached XP level 5. HP: 45/45 MP: 2/11
  5807 | D:3      | Found a sparkling altar of Nemelex Xobeh.
  5812 | D:3      | Reached skill level 1 in Air Magic
  8464 | D:4      | Found a white marble altar of Elyvilon.
  8841 | D:4      | Reached XP level 6. HP: 39/53 MP: 0/13
  8867 | D:4      | You fall into a shaft and drop 3 floors!
  8980 | D:7      | Noticed a sky beast
  8995 | D:7      | Noticed Dowan
  9080 | D:5      | Entered Level 5 of the Dungeon
  9102 | D:5      | Killed an angel
  9268 | D:5      | Noticed Eustachio
  9492 | D:5      | Found a glowing drain.
  9545 | Sewer    | Entered a sewer
 10067 | Sewer    | Reached skill level 5 in Spellcasting
 10224 | Sewer    | Reached XP level 7. HP: 55/59 MP: 7/14
 10442 | Sewer    | HP: 2/59 [kobold brigand/+0 club (5)]
 11480 | Sewer    | Learned a level 2 spell: Poisonous Vapours
 11483 | Sewer    | Learned a level 2 spell: Cigotuvi's Dreadful Rot
 11675 | D:5      | Reached XP level 8. HP: 61/62 MP: 10/16
 11754 | D:5      | Noticed Prince Ribbit
 11956 | D:4      | Identified the +1 robe "Napack" {Dex+6}
 12167 | D:4      | Found a snail-covered altar of Cheibriados.
 12285 | D:4      | Noticed Blork the orc
 12292 | D:4      | Noticed Sigmund
 12331 | D:4      | Killed Sigmund
 12332 | D:4      | Reached skill level 6 in Spellcasting
 12355 | D:4      | Killed Blork the orc
 12466 | D:4      | Noticed Edmund
 12598 | D:4      | Killed Edmund
 12902 | D:5      | Killed Prince Ribbit
 13240 | D:5      | Reached XP level 9. HP: 74/74 MP: 6/18
 13616 | D:5      | Found a shimmering altar of Xom.
 13625 | D:5      | Found a glowing silver altar of Zin.
 14170 | D:6      | Reached skill level 5 in Dodging
 15216 | D:6      | Found an iron altar of Okawaru.
 15233 | D:6      | Reached skill level 7 in Spellcasting
 15278 | D:6      | Found a staircase to the Ecumenical Temple.
 15290 | Temple   | Entered the Ecumenical Temple
 15317 | Temple   | Became a worshipper of Vehumet
 15502 | D:6      | Paralysed by an orc for 4 turns
 15682 | D:7      | Noticed Duvessa
 16142 | D:6      | Learned a level 2 spell: Passwall
 16146 | D:6      | Learned a level 3 spell: Tukima's Dance
 16150 | D:6      | Learned a level 3 spell: Volatile Blastmotes
 16155 | D:6      | Learned a level 4 spell: Iskenderun's Mystic Blast
 16929 | D:7      | Reached skill level 5 in Conjurations
 17847 | D:7      | Noticed a troll
 18575 | D:7      | Killed Duvessa
 18593 | D:7      | Killed Dowan
 19413 | D:7      | Found a runed translucent door.
 19414 | D:7      | Noticed Crazy Yiuf
 19423 | D:7      | Killed Crazy Yiuf
 19518 | D:8      | Noticed Maggie
 19536 | D:8      | Killed Maggie
 19537 | D:8      | Reached skill level 8 in Spellcasting
 19537 | D:8      | Reached XP level 10. HP: 51/81 MP: 6/22
 20786 | D:8      | Found a runed translucent door.
 20791 | D:8      | Noticed ForestMusic's ghost (novice MiBe)
 21034 | D:8      | Noticed Pikel
 21074 | D:7      | Killed Pikel
 21466 | D:8      | Reached skill level 9 in Spellcasting
 21935 | D:8      | Reached * piety under Vehumet
 21935 | D:8      | Offered knowledge of Freeze by Vehumet.
 22107 | D:8      | Reached skill level 1 in Staves
 22324 | D:8      | Found a basalt altar of Yredelemnul.
 22601 | D:8      | Found a staircase to the Lair.
 22758 | D:8      | Noticed a green ugly thing
 22933 | D:8      | Learned a level 5 spell: Arcjolt
 23186 | D:9      | Identified the +9 hand axe of Buizoc {venom, rF- rCorr
                  | Str+5 Stlth-}
 23198 | D:8      | Reached skill level 5 in Air Magic
 24071 | D:9      | Found a shimmering blue altar of Sif Muna.
 25421 | D:9      | Reached XP level 11. HP: 80/88 MP: 2/24
 25695 | D:9      | Reached skill level 10 in Spellcasting
 25842 | D:9      | Found Xoreg's Armour Shoppe.
 26366 | D:9      | Offered knowledge of Scorch by Vehumet.
 26487 | D:9      | Reached ** piety under Vehumet
 26786 | D:9      | Found a runed translucent gate.
 26786 | D:9      | Found a runed translucent gate.
 26786 | D:9      | Found a runed translucent gate.
 26788 | D:9      | Found an opulent altar of Gozag.
 26789 | D:9      | Noticed an obsidian statue
 26789 | D:9      | Noticed a tengu warrior
 26790 | D:9      | Noticed Shard1697's ghost (journeyman AtFi)
 26863 | D:10     | Entered Level 10 of the Dungeon
 26863 | D:10     | Noticed coffeetime's ghost (journeyman GrMo)
 26863 | D:10     | Found a runed translucent gate.
 26863 | D:10     | Found a runed translucent gate.
 26863 | D:10     | Found a runed translucent gate.
 27090 | Lair:1   | Entered Level 1 of the Lair of Beasts
 27315 | Lair:1   | You fall into a shaft and drop 1 floor!
 27897 | Lair:2   | Noticed a dire elephant
 28813 | D:10     | Noticed a two-headed ogre
 29107 | D:10     | Killed a two-headed ogre
 29207 | D:10     | Noticed a manticore
 29207 | D:10     | Noticed a centaur warrior
 29256 | D:10     | Found an ornate altar of the Wu Jian Council.
 29262 | D:10     | Noticed a two-headed ogre
 29273 | D:10     | Noticed a sixfirhy
 29601 | D:9      | Learned a level 1 spell: Slow
 29864 | D:10     | Found a blossoming altar of Fedhas.
 30247 | D:10     | Noticed a two-headed ogre
 30298 | D:10     | Killed a two-headed ogre
 30299 | D:10     | Reached skill level 5 in Staves
 31235 | D:10     | Mangled by a komodo dragon

Illustrated notes

Levels and vault maps discovered:
D:1:      wander_arrival_lonely_grave, layout_basic,
          chequers_ecumenical_altar_simple_redux, serial_shops,
          nicolae_shop_back_alley_shop, nicolae_titane
D:2:      layout_loops_ring, basic_altar, serial_co_window_serial,
          co_window_corner_a, co_window_paths_a, co_window_corner_a,
          co_window_paths_a, co_window_corner_a, co_window_paths_b,
          co_window_paths_a, co_window_broadway_a, co_window_of_opportunity_c,
          co_window_of_opportunity_b, co_window_broadway_c, co_window_corner_b,
          co_window_4corner_b, glass_columns_b, glass_columns_a,
          glass_columns_b, glass_columns_a, glass_columns_c, minmay_cut_off
D:3:      layout_basic, nemelex_dance_club_becter,
          gammafunk_ghost_abyssal_escape
D:4:      layout_loops_ring, slow_altar_2, lemuel_round_altar,
          sigmund_edmund_badplayer, uniq_edmund, uniq_blork_the_orc
D:5:      layout_loops_cross, grunt_temple_overflow_order_and_chaos_1,
          cheibrodos_sewer_entry_bend, minmay_misc_feat_x, minmay_starry_boxes,
          uniq_eustachio, uniq_prince_ribbit1
D:6:      layout_basic, lemuel_round_altar, minmay_temple_entry_junction
D:7:      layout_rooms, kennysheep_generic_room_11, uniq_duvessa,
          uniq_crazy_yiuf_cottage
D:8:      layout_basic, lemuel_tele_altar, lair_entry_dummy,
          ebering_ghost_inner_flame, minmay_manual_monstrance, uniq_pikel,
          uniq_maggie
D:9:      layout_basic, lemuel_blue_sif_altar, enter_bailey_2,
          ebering_ghost_gozag, serial_shops, nicolae_shop_scrapyard,
          special_room [special_room_orc]
D:10:     layout_long_grid, grunt_temple_overflow_open, orc_0_dummy,
          gammafunk_ghost_nasty_kobolds, hangedman_decor_growths,
          lightli_corner_chamber
Temple:   hellmonk_temple_two_chambers
Lair:1:   layout_roguey, infiniplex_staircase_pool_2
Lair:2:   layout_regular_city, nicolae_spider_entry_non_spiders,
          ebering_ghost_xom, nicolae_lair_grazing_beasts
          [nicolae_sub_lair_graze_edge, nicolae_sub_lair_graze_edge,
          nicolae_sub_lair_graze_edge, nicolae_sub_lair_graze_edge]

Skill      XL: |  1  2  3  4  5  6  7  8  9 10 11 |
---------------+----------------------------------+-----
Summonings     | 1 |  1.1
Conjurations   | 1 2 3 4 6 7 8 |  8.3
Translocations | 1 |  1.1
Dodging        | 2 3 4 6 7 |  7.2
Spellcasting   | 4 5 6 8 9 10 | 10.6
Poison Magic   | 1 2 3 4 |  4.9
Air Magic      | 1 2 3 4 5 6 |  6.5
Staves         | 3 5 |  5.0
Stealth        | |  1.6

Action                     |  1- 3 |  4- 6 |  7- 9 | 10-12 || total
---------------------------+-------+-------+-------+-------++-------
  Melee: Dagger            |    13 |       |       |       ||    13
         Staff             |     1 |     7 |    70 |    28 ||   106
         Punch             |       |       |       |     1 ||     1
   Cast: Magic Dart        |   119 |   225 |   324 |   205 ||   873
         Mephitic Cloud    |       |     8 |    36 |    27 ||    71
         Cigotuvi's Dreadf |       |       |     3 |       ||     3
         Poisonous Vapours |       |       |    88 |   100 ||   188
         Volatile Blastmot |       |       |     8 |    48 ||    56
         Blink             |       |       |     6 |    19 ||    25
         Tukima's Dance    |       |       |     1 |     4 ||     5
         Iskenderun's Myst |       |       |       |    11 ||    11
         Slow              |       |       |       |     3 ||     3
  Evoke: Wand              |       |       |     4 |       ||     4
    Use: Scroll            |       |    10 |     8 |     4 ||    22
         Potion            |       |     1 |     6 |     6 ||    13
   Stab: Paralysed         |       |       |    16 |       ||    16
         Confused          |       |       |     1 |     1 ||     2
 Armour: Robe              |    23 |     6 |    21 |    54 ||   104
  Dodge: Dodged            |    26 |    32 |    95 |   108 ||   261

Table legend: (Time is in decaauts)
 A = Elapsed time spent in this place.
 B = Non-inter-level travel time spent in this place.
 C = Inter-level travel time spent in this place.
 D = Time resting spent in this place.
 E = Time spent auto-exploring this place.
 F = Levels seen in this place.
 G = Mean time per level.
                   A        B        C        D        E       F      G
               +--------+--------+--------+--------+--------+-----+--------+
         Total |  31359 |  30086 |   1273 |  18104 |   6894 |  14 | 2239.9 |
       Dungeon |  28349 |  27079 |   1270 |  16034 |   6368 |  10 | 2834.9 |
        Temple |     31 |     28 |      3 |      0 |     23 |   1 |   31.0 |
          Lair |    904 |    904 |      0 |    760 |     44 |   2 |  452.0 |
         Sewer |   2073 |   2073 |      0 |   1310 |    459 |   1 | 2073.0 |
               +--------+--------+--------+--------+--------+-----+--------+

Top non-repeatable levels by time:
     D:8: 4771 daAuts
     D:9: 3854 daAuts
     D:4: 3762 daAuts
     D:6: 3474 daAuts
     D:7: 2546 daAuts
     D:2: 2326 daAuts
   Sewer: 2073 daAuts
    D:10: 1979 daAuts
     D:3: 1939 daAuts
     D:1: 1920 daAuts
     D:5: 1775 daAuts
  Lair:2: 618 daAuts
  Lair:1: 285 daAuts
  Temple: 31 daAuts
